 Dungeon Crawl Stone Soup version 0.24-a0-232-g49d9ff80d8 (webtiles) character file.

Game seed: 8720164640642813936

105571 CedricTheThird the Spear-Bearer (level 15, -30/119 HPs)
             Began as a Demonspawn Berserker on Apr 4, 2019.
             Was a High Priest of Trog.
             Annihilated by Rupert
             ... wielding a +1 great mace of holy wrath
              (32 damage)
             ... on level 14 of the Dungeon.
             The game lasted 01:02:52 (19541 turns).

CedricTheThird the Spear-Bearer (DsBe)             Turns: 19541, Time: 01:02:53

Health: -30/119    AC: 37    Str: 23 (24) XL:     15   Next: 95%
Magic:  0/5        EV: 14    Int: 17      God:    Trog [*****.]
Gold:   700        SH:  0    Dex: 20      Spells: 14/14 levels left

rFire    + . .     SeeInvis .   W - +5 halberd (antimagic)
rCold    + + +     Gourm    .   (shield currently unavailable)
rNeg     + . .     Faith    .   E - +7 plate armour "Ekiopuli" {Dex+4}
rPois    +         Spirit   +   L - +2 hat {MR+}
rElec    .         Reflect  .   l - +2 cloak {rC+}
rCorr    .         Harm     .   D - +0 pair of gloves {archery}
MR       ++...                  J - +2 pair of boots {Fly}
Stlth    ..........             x - amulet of regeneration
HPRegen  0.69/turn              z - ring of Erigotonao {rPois Str+2 Int+6 Dex+4}
MPRegen  0.18/turn              b - ring of protection from cold

@: about to teleport, berserk cooldown, flying, very slightly contaminated,
slowed, invisible, very slow
A: antennae 2, icy blue scales 2, cold resistance 1, deterioration 1, fire
resistance 1, negative energy resistance 1, powered by pain 2, magic shield,
magic regeneration, magic link
a: Berserk, Trog's Hand, Brothers in Arms, Renounce Religion, Stop Flying


You were on level 14 of the Dungeon.
You worshipped Trog.
Trog was extremely pleased with you.
You were not hungry.

You visited 3 branches of the dungeon, and saw 21 of its levels.
You also visited: Ice Cave.

You collected 1666 gold pieces.
You spent 966 gold pieces at shops.

Inventory:

Hand Weapons
 H - a +1 bardiche of venom
 W - a +5 antimagic halberd (weapon)
Armour
 l - a +2 cloak of cold resistance (worn)
 w - a +0 cloak of poison resistance
 D - a +0 pair of gloves of archery (worn)
 E - the +7 plate armour "Ekiopuli" (worn) {Dex+4}
   (You found it on level 6 of the Dungeon)

   It affects your dexterity (+4).
 J - a +2 pair of boots of flying (worn)
 L - a +2 hat of magic resistance (worn)
Jewellery
 b - a ring of protection from cold (right hand)
 d - a cursed ring of attention
 x - an amulet of regeneration (around neck)
 z - the ring of Erigotonao (left hand) {rPois Str+2 Int+6 Dex+4}
   (You bought it in a shop on level 13 of the Dungeon)

   [ring of strength]

   It affects your strength (+2).
   It affects your intelligence (+6).
   It affects your dexterity (+4).
   It protects you from poison.
 A - an uncursed ring of protection from fire
 B - an uncursed ring of magical power
 Q - the ring "Kaudeqak" {MR+ MP+9 Dex+2 Stlth-}
   (You found it on level 6 of the Lair of Beasts)

   [ring of magical power]

   It affects your dexterity (+2).
   It affects your resistance to hostile enchantments.
   It affects your magic capacity (+9).
   It makes you less stealthy.
 R - an uncursed ring of magical power
Wands
 o - a wand of random effects (20)
 p - a wand of acid (27)
 r - a wand of enslavement (11)
 t - a wand of disintegration (36)
 C - a wand of polymorph (23)
 G - a wand of iceblast (53)
 K - a wand of digging (2)
 T - a wand of flame (37)
Scrolls
 e - 3 scrolls of fog
 i - 10 scrolls of remove curse
 k - 7 scrolls of immolation
 n - a scroll of enchant armour
 v - 4 scrolls of magic mapping
 y - 2 scrolls of teleportation
 F - a scroll of identify
 N - a scroll of fear
 O - a scroll of enchant weapon
 S - a scroll of brand weapon {unknown}
Potions
 a - 6 potions of haste {unknown}
 f - 8 potions of degeneration {unknown}
 g - 8 potions of curing
 h - 2 potions of agility
 m - 2 potions of might
 q - 4 potions of flight {unknown}
 s - a potion of ambrosia
 u - 2 potions of lignification
 I - a potion of resistance
 M - 2 potions of cancellation
 P - a potion of magic
 V - 2 potions of heal wounds
Comestibles
 c - 18 rations


   Skills:
 + Level 11.6 Fighting
 * Level 14.3 Polearms
 * Level 13.7 Armour
 + Level 10.5 Dodging
   Level 4.8 Shields


You had 14 spell levels left.
You didn't know any spells.
Your spell library was empty.

Dungeon Overview and Level Annotations

Branches:
Dungeon (14/15)            Temple (1/1) D:4            Lair (6/6) D:11
 Shoals (0/4) Lair:4        Snake (0/4) Lair:2        Slime (0/5) Lair:5
    Orc (0/2) D:10
 Vaults: D:13-14

Altars:
Ashenzari
Cheibriados
Dithmenos
Elyvilon
Fedhas
Gozag
Hepliaklqana
Makhleb
Nemelex Xobeh
Okawaru
Qazlal
Ru
Trog
Uskayaw
Vehumet
Wu Jian
Xom
Yredelemnul
Zin
The Shining One
Beogh

Shops:
D:8 [?}*:   D:11 %[*!   D:13 %=

Annotations:
D:14 Rupert, Urug


Innate Abilities, Weirdness & Mutations

You have a pair of antennae on your head.
You are mostly covered in icy blue scales. (AC +3)
You resist negative energy. (rN+)
You sometimes gain power by taking damage.
When hurt, damage is shared between your health and your magic reserves.
You regenerate magic rapidly.
When low on magic, you restore magic in place of health.
Your flesh is cold resistant. (rC+)
Your body sometimes deteriorates upon taking damage.
Your flesh is heat resistant. (rF+)


Message History

Reactivating autopickup.
Rupert hits you with a +1 great mace of holy wrath!
* * * LOW HITPOINT WARNING * * *
You convulse.
* * * LOW HITPOINT WARNING * * *
Rupert hits you but does no damage.
Blink to where?
Press: ? - help, Dir - move target cursor You are very lightly contaminated with residual magic.
As you read the scroll of blinking, it crumbles to dust.
You fade into invisibility!
Rupert rages.
Okay, then.
As you read the scroll of teleportation, it crumbles to dust.
You feel strangely unstable.
You feel better.
Rupert hits you with a +1 great mace of holy wrath!!
* * * LOW HITPOINT WARNING * * *
You convulse!!
You die...

#..# #.........#
##.###.###.....#
#..##.# #.....# .
##.##.# ####### ..
#####.##'### ...
#..........# ....{{
#..........# .p..p{
#..........#
..pHpp######..@@......#
.C..poW(F.pW..(.....###
...p.p############..#
..c.{{ { #......># ....
{{ ##.####.# ...
#.####.# .. #....#.# #
#####.#.# #....(#.#


You could see Rupert (berserk), a human, a shadow and a bullfrog.

Vanquished Creatures
  Jorgrun (D:12)
  Nessos (Lair:5)
  A dire elephant (Lair:6)
  Josephine (Lair:6)
  4 hydras
  2 centaur warriors
  2 two-headed ogres (D:9)
  A death yak (Lair:6)
  2 death knights
  A tengu warrior (D:10)
  An unseen horror (D:14)
  A necromancer (IceCv)
  A phantasmal warrior (D:14)
  A wolf spider zombie (D:13)
  4 ugly things
  3 oklob plants (Lair:6)
  13 elephants
  An ice statue (IceCv)
  A merfolk siren (Lair:4)
  4 black mambas
  3 centaur zombies
  A torpor snail (Lair:3)
  7 spiny frogs
  2 gargoyles
  4 rime drakes
  11 freezing wraiths
  5 komodo dragons
  An efreet (D:11)
  4 trolls
  A wolf spider simulacrum (IceCv)
  3 polar bears (Lair:6)
  7 hornets
  A meliai zombie (D:13)
  18 blink frogs
  13 dream sheep
  6 hippogriffs
  3 slime creatures (D:14)
  14 spriggans (Lair:6)
  5 wraiths
  56 yaks
  2 wyverns (Lair:6)
  A basilisk (D:11)
  2 humans (D:14)
  3 hungry ghosts
  Eustachio (D:4)
  2 death yak simulacra (IceCv)
  A redback simulacrum (D:9)
  A naga (Lair:2)
  A harpy simulacrum (D:9)
  An acid dragon (D:11)
  13 water moccasins
  Duvessa (D:4)
  10 ice beasts
  2 orc warriors
  8 porcupines
  5 sky beasts
  2 hornet zombies
  7 black bears
  2 phantoms
  4 boggarts (Lair:6)
  An eye of draining (D:13)
  28 wolves
  8 ogres
  6 centaurs
  14 crocodiles
  9 bullfrogs
  Dowan (D:4)
  2 wyvern zombies (D:13)
  A wyvern skeleton (D:6)
  A hornet simulacrum (D:9)
  3 scorpions (D:8)
  An elephant simulacrum (IceCv)
  25 killer bees
  2 crimson imps
  4 draconian simulacra (IceCv)
  7 orc wizards
  6 jellies
  Crazy Yiuf (D:5)
  2 orc priests
  2 bullfrog skeletons
  4 hounds
  5 centaur skeletons
  2 iguanas
  Jessica (D:2)
  Terence (D:2)
  6 worker ants
  8 troll simulacra (IceCv)
  2 spriggan simulacra (IceCv)
  A centaur simulacrum (IceCv)
  A worker ant zombie (D:7)
  Robin (D:2)
  13 adders
  4 gnolls (D:5)
  2 ogre simulacra (IceCv)
  3 naga simulacra (IceCv)
  2 shadow imps
  12 white imps (IceCv)
  An ooze (D:2)
  An adder skeleton (D:8)
  4 worms
  2 dart slugs (D:1)
  2 leopard geckos
  30 orcs
  6 bats
  4 giant cockroaches
  11 goblins
  8 hobgoblins
  7 jackals
  7 quokkas
  3 ball pythons
  5 frilled lizards
  6 kobolds
  A quokka skeleton (D:4)
  8 rats
  2 butterflies
  A fungus (Lair:6)
  2 plants
583 creatures vanquished.

Vanquished Creatures (collateral kills)
  Gastronok (Lair:1)
  4 hydras
  Sonja (Lair:2)
  An elephant (Lair:3)
  A torpor snail (Lair:6)
  A hippogriff (Lair:6)
  A dream sheep (Lair:6)
  A wolf (Lair:1)
  A scorpion (Lair:1)
  An orc priest (D:10)
  2 orc wizards (D:10)
  An orc (D:10)
  3 fungi
19 creatures vanquished.

Vanquished Creatures (others)
  2 fungi
  3 plants
  5 toadstools (D:11)
10 creatures vanquished.

Grand Total: 612 creatures vanquished

Notes
Turn   | Place    | Note
-------+----------+-------------------------------------------
     0 | D:1      | CedricTheThird the Demonspawn Berserker began the quest for
                  | the Orb.
     0 | D:1      | Reached XP level 1. HP: 18/18 MP: 1/1
   166 | D:1      | Gained mutation: When hurt, damage is shared between your
                  | health and your magic reserves. [demonic ancestry]
   166 | D:1      | Reached XP level 2. HP: 13/24 MP: 2/2
   193 | D:1      | Reached skill level 3 in Polearms
   864 | D:2      | Reached XP level 3. HP: 17/29 MP: 3/3
  1256 | D:2      | Noticed Robin
  1274 | D:2      | Reached ** piety under Trog
  1286 | D:2      | Killed Robin
  1321 | D:2      | Gained mutation: You are partially covered in icy blue
                  | scales. (AC +2) [demonic ancestry]
  1321 | D:2      | Reached XP level 4. HP: 35/35 MP: 4/4
  1666 | D:2      | Noticed Jessica
  1673 | D:2      | Killed Jessica
  2009 | D:2      | Noticed Terence
  2020 | D:2      | Killed Terence
  2020 | D:2      | Gained mutation: You have a pair of small antennae on your
                  | head. [demonic ancestry]
  2020 | D:2      | Reached XP level 5. HP: 42/42 MP: 5/5
  2120 | D:3      | Reached skill level 4 in Polearms
  2720 | D:4      | Noticed a centaur
  2723 | D:4      | Found a blossoming altar of Fedhas.
  2785 | D:4      | Noticed Eustachio
  2798 | D:4      | Killed Eustachio
  2798 | D:4      | Gained mutation: You sometimes gain a little power by
                  | taking damage. [demonic ancestry]
  2798 | D:4      | Reached XP level 6. HP: 48/48 MP: 4/6
  3085 | D:4      | Noticed Dowan
  3112 | D:4      | Noticed Duvessa
  3113 | D:4      | Found a staircase to the Ecumenical Temple.
  3122 | D:4      | Killed Duvessa
  3122 | D:4      | Reached skill level 5 in Polearms
  3137 | D:4      | Killed Dowan
  3137 | D:4      | Gained mutation: You regenerate magic rapidly. [demonic
                  | ancestry]
  3137 | D:4      | Reached XP level 7. HP: 26/55 MP: 5/7
  3218 | Temple   | Entered the Ecumenical Temple
  3624 | D:5      | Entered Level 5 of the Dungeon
  3661 | D:5      | Found a shadowy altar of Dithmenos.
  3685 | D:5      | Reached *** piety under Trog
  3902 | D:5      | Found a runed translucent door.
  3903 | D:5      | Noticed Crazy Yiuf
  4131 | D:5      | Reached skill level 5 in Fighting
  4187 | D:5      | Gained mutation: You are mostly covered in icy blue scales.
                  | (AC +3) [demonic ancestry]
  4187 | D:5      | Reached XP level 8. HP: 60/62 MP: 8/8
  4230 | D:5      | Reached skill level 6 in Polearms
  4302 | D:5      | Found a hide-covered altar of Uskayaw.
  4390 | D:5      | Got an ancient chain mail
  4401 | D:5      | Identified the cursed +1 chain mail of Qafriat {rElec rPois
                  | Int-3 Slay+5} (You found it on level 5 of the Dungeon)
  4691 | D:5      | Killed Crazy Yiuf
  4824 | D:6      | Found a sacrificial altar of Ru.
  5165 | D:6      | Found a shimmering altar of Xom.
  5220 | D:6      | Got a shimmering plate armour
  5233 | D:6      | Identified the +7 plate armour "Ekiopuli" {Dex+4} (You
                  | found it on level 6 of the Dungeon)
  5488 | D:6      | Found a hide-covered altar of Uskayaw.
  5870 | D:7      | Reached skill level 5 in Armour
  5937 | D:7      | Found a bloodstained altar of Trog.
  6380 | D:8      | Found Taecedgh's Assorted Antiques.
  6389 | D:8      | Reached skill level 7 in Polearms
  6396 | D:8      | Bought a white potion for 26 gold pieces
  6396 | D:8      | Bought a viscous inky potion for 26 gold pieces
  6396 | D:8      | Bought a scroll labeled JAMYHY FUOQIN for 29 gold pieces
  6396 | D:8      | Bought a black potion for 26 gold pieces
  6481 | D:8      | Reached skill level 5 in Dodging
  6481 | D:8      | Gained mutation: You have a pair of antennae on your head.
                  | [demonic ancestry]
  6481 | D:8      | Reached XP level 9. HP: 69/69 MP: 9/9
  6513 | D:8      | Found Zyuhef's Antique Armour Emporium.
  6586 | D:8      | Found Juvaff's Magic Scroll Boutique.
  6591 | D:8      | Bought a scroll of blinking for 112 gold pieces
  6599 | D:8      | Found Cenusiu's Gadget Emporium.
  6678 | D:8      | Found Caal's Book Boutique.
  6862 | D:8      | Reached **** piety under Trog
  6954 | D:8      | Found a glowing silver altar of Zin.
  6954 | D:8      | Found a glowing golden altar of the Shining One.
  6955 | D:8      | Found a white marble altar of Elyvilon.
  7316 | D:9      | Found a transporter.
  7337 | D:9      | Found a transporter.
  7359 | D:9      | Reached skill level 8 in Polearms
  7475 | D:9      | Noticed a centaur warrior
  7520 | D:9      | Killed a centaur warrior
  7520 | D:9      | Reached XP level 10. HP: 72/79 MP: 10/10
  7632 | D:9      | Noticed a two-headed ogre
  7640 | D:9      | Killed a two-headed ogre
  7640 | D:9      | Reached skill level 9 in Polearms
  8002 | D:9      | Noticed a two-headed ogre
  8009 | D:9      | Killed a two-headed ogre
  8384 | D:10     | Entered Level 10 of the Dungeon
  8820 | D:10     | Noticed a tengu warrior
  8827 | D:10     | Killed a tengu warrior
  8881 | D:10     | Reached XP level 11. HP: 86/86 MP: 11/11
  9009 | D:10     | Found a staircase to the Orcish Mines.
  9131 | D:10     | Found a roughly hewn altar of Beogh.
  9557 | D:11     | Found Dirien's Food Shoppe.
  9557 | D:11     | Found Irghait's General Store.
  9557 | D:11     | Found Wiehupo's Distillery.
  9557 | D:11     | Found Ureesug's Armour Shoppe.
  9579 | D:11     | Bought a potion of mutation for 112 gold pieces
  9579 | D:11     | Gained mutation: You are resistant to hostile enchantments.
                  | (MR+) [potion of mutation]
  9579 | D:11     | Gained mutation: Your body sometimes deteriorates upon
                  | taking damage. [potion of mutation]
  9579 | D:11     | Gained mutation: You have sharp fingernails. [potion of
                  | mutation]
  9580 | D:11     | Lost mutation: You are resistant to hostile enchantments.
                  | (MR+) [potion of mutation]
  9580 | D:11     | Lost mutation: You have sharp fingernails. [potion of
                  | mutation]
  9580 | D:11     | Gained mutation: Your flesh is cold resistant. (rC+)
                  | [potion of mutation]
  9580 | D:11     | Gained mutation: Your flesh is heat resistant. (rF+)
                  | [potion of mutation]
  9593 | D:11     | Found a hazy altar of Hepliaklqana.
  9620 | D:11     | Found a staircase to the Lair.
  9641 | D:11     | Reached skill level 10 in Polearms
 10666 | Lair:1   | Entered Level 1 of the Lair of Beasts
 10745 | Lair:1   | Noticed Gastronok
 10770 | Lair:1   | Killed Gastronok
 10816 | Lair:1   | Reached skill level 10 in Armour
 10883 | Lair:1   | Reached skill level 11 in Polearms
 11002 | Lair:1   | Reached XP level 12. HP: 94/94 MP: 12/12
 11655 | Lair:2   | Found a staircase to the Snake Pit.
 11764 | Lair:2   | Noticed a four-headed hydra
 11772 | Lair:2   | Killed a six-headed hydra
 11788 | Lair:2   | Noticed Sonja
 11789 | Lair:2   | Killed Sonja
 12224 | Lair:3   | Noticed a seven-headed hydra
 12232 | Lair:3   | Killed a nine-headed hydra
 12486 | Lair:3   | Reached skill level 12 in Polearms
 12534 | Lair:3   | Found a runed translucent door.
 12881 | Lair:3   | Noticed an eight-headed hydra
 12954 | Lair:3   | Killed an 11-headed hydra
 12976 | Lair:3   | Got a crystal great sword
 12977 | Lair:3   | Identified the cursed +1 great sword of Ewumocuc {freeze,
                  | rN+} (You found it on level 3 of the Lair of Beasts)
 13093 | Lair:4   | Noticed a four-headed hydra
 13109 | Lair:4   | Killed a ten-headed hydra
 13168 | Lair:4   | Gained mutation: You sometimes gain power by taking damage.
                  | [demonic ancestry]
 13168 | Lair:4   | Reached XP level 13. HP: 86/103 MP: 13/13
 13319 | Lair:4   | Reached skill level 10 in Fighting
 13443 | Lair:4   | Received a gift from Trog
 13819 | Lair:4   | Found a staircase to the Shoals.
 14301 | Lair:5   | Noticed Nessos
 14319 | Lair:5   | Killed Nessos
 14837 | Lair:5   | Found a staircase to the Slime Pits.
 15194 | Lair:6   | Entered Level 6 of the Lair of Beasts
 15289 | Lair:6   | Found a frozen archway.
 15299 | IceCv    | Entered an ice cave
 15446 | IceCv    | Reached skill level 13 in Polearms
 15677 | IceCv    | Found an ancient bone altar of Kikubaaqudgha.
 15881 | IceCv    | Reached ***** piety under Trog
 16196 | Lair:6   | Gained mutation: When low on magic, you restore magic in
                  | place of health. [demonic ancestry]
 16196 | Lair:6   | Reached XP level 14. HP: 38/111 MP: 12/14
 16425 | Lair:6   | Got a slimy lead ring
 16883 | Lair:6   | Noticed Josephine
 16937 | Lair:6   | Killed Josephine
 16937 | Lair:6   | Reached skill level 10 in Dodging
 16959 | Lair:6   | Paralysed by a hornet for 2 turns
 16973 | Lair:6   | Received a gift from Trog
 17931 | D:12     | Noticed Jorgrun
 17966 | D:12     | Killed Jorgrun
 17966 | D:12     | Reached skill level 14 in Polearms
 18707 | D:13     | Found Fips's Food Boutique.
 18780 | D:13     | Received a gift from Trog
 18948 | D:13     | Found Tekkaer's Jewellery Shop.
 18962 | D:13     | Bought the ring of Erigotonao {rPois Str+2 Int+6 Dex+4} for
                  | 635 gold pieces
 18963 | D:13     | Identified the ring "Kaudeqak" {MR+ MP+9 Dex+2 Stlth-} (You
                  | found it on level 6 of the Lair of Beasts)
 18968 | D:13     | Gained mutation: You resist negative energy. (rN+) [demonic
                  | ancestry]
 18968 | D:13     | Reached XP level 15. HP: 119/119 MP: 8/15
 19500 | D:14     | Noticed Urug
 19520 | D:14     | Noticed Rupert
 19541 | D:14     | HP: 2/119 [Rupert/+1 great mace of holy wrath (20)]
 19541 | D:14     | Annihilated by Rupert

Levels and vault maps discovered:
D:1:      nagdon_arrival_double_spiral, layout_basic
D:2:      layout_loops_ring, uniq_robin, uniq_jessica, uniq_terence
D:3:      layout_basic, first_ration
D:4:      layout_loops_ring, minmay_temple_entry_statues,
          fedhas_bush_and_centaur_altar, uniq_duvessa, uniq_eustachio
D:5:      layout_loops_ring, lemuel_doored_altar, basic_altar, dk_vineyard_2,
          minmay_pentangle, uniq_crazy_yiuf_cottage
D:6:      layout_loops_ring, nicolae_overflow_hidden_temple,
          kennysheep_mini_moat
D:7:      layout_cave_pods, marbit_many_paths
D:8:      layout_basic, good_gods_temple_1, serial_shops, shop,
          nicolae_shop_statue_plus, nicolae_shop_stone, shop,
          kennysheep_little_box
D:9:      gammafunk_cloud_chamber, layout_stronghold, lightli_fourway_metalbox
D:10:     layout_stronghold, minmay_orc_entry_temple_small, grunt_tengu_nest
D:11:     layout_stronghold, david_lair_generic, basic_altar,
          minmay_shop_grid_forest, minmay_gold_behind_fungi
D:12:     layout_cross, uniq_jorgrun
D:13:     layout_roguey, serial_shops, nicolae_shop_trees, shop
D:14:     layout_basic, david_vaults_3, serial_bayou_lagoon_a,
          serial_bayou_pond_a
Temple:   nicolae_temple_hex_pool
Lair:1:   layout_hall_layers, minivault_11, beast_lair_carwin_1, uniq_gastronok
Lair:2:   layout_chaotic_city, guppyfry_snake_entry_island, lemuel_fruit_fields,
          serial_bayou_shore_a, lemuel_fruit_fields, uniq_sonja
Lair:3:   layout_regular_city, pf_torpor_hydra, serial_bayou_shore_b,
          grunt_megastairs_4, serial_bayou_shore_b
Lair:4:   layout_gridlike, minmay_shoals_entry_lonely_mermaid,
          lemuel_fruit_fields
Lair:5:   layout_small_grid, slime_dummy, uniq_nessos
Lair:6:   minmay_lair_end_enchanted_forest, layout_regular_city,
          portal_ice_cave_entry_pillars_2, serial_bayou_pond_d,
          lemuel_fruit_fields, minmay_lair_oklob_chamber, uniq_josephine
IceCv:    ice_cave_small_necro

Skill      XL: |  1  2  3  4  5  6  7  8  9 10 11 12 13 14 |
---------------+-------------------------------------------+-----
Polearms       | 3 4 5 7 8 9 11 12 13 14 | 14.3
Armour         | 2 3 4 5 7 8 10 11 12 13 | 13.7
Dodging        | 2 3 4 5 6 7 8 9 10 | 10.5
Fighting       | 4 5 7 8 9 10 11 | 11.6
Shields        | 4 |  4.8

Action                   |  1- 3 |  4- 6 |  7- 9 | 10-12 | 13-15 || total
-------------------------+-------+-------+-------+-------+-------++-------
Melee: Spear             |   111 |   200 |    38 |       |       ||   349
       Trident           |       |       |    80 |       |       ||    80
       Halberd           |       |       |   336 |   827 |  1598 ||  2761
       Bardiche          |       |       |       |    13 |       ||    13
Invok: Berserk           |     3 |     7 |     7 |    13 |    19 ||    49
       Trog's Hand       |       |     5 |     5 |     4 |     9 ||    23
       Brothers in Arms  |       |       |       |     8 |     7 ||    15
 Abil: Stop Flying       |       |       |     1 |       |       ||     1
       Evoke Flight      |       |       |     1 |       |       ||     1
Evoke: Wand              |       |       |       |     5 |    26 ||    31
  Use: Scroll            |       |     3 |    13 |    12 |    11 ||    39
       Potion            |       |       |     5 |     7 |     9 ||    21
 Stab: Sleeping          |     1 |     2 |       |       |       ||     3
       Distracted        |       |       |       |     1 |     1 ||     2
  Eat: Chunk             |     5 |    12 |     7 |    23 |    13 ||    60
       Ration            |       |       |     6 |     4 |    12 ||    22
Armor: Animal skin       |    13 |    14 |       |       |       ||    27
       Chain mail        |       |    26 |    14 |       |       ||    40
       Leather armour    |       |    29 |    55 |       |       ||    84
       Plate armour      |       |       |   328 |   853 |  1535 ||  2716
Dodge: Dodged            |    40 |   103 |   343 |   567 |  1267 ||  2320

Table legend:
 A = Non-vault XP
 B = Vault XP
 C = Vault XP percentage of total XP
 D = Non-vault monster count
 E = Vault monster count
 F = Vault count percentage of total count
                 A         B        C        D         E       F
            +---------+---------+-------+---------+---------+-------
      Total |   69383 |   33396 |  32.5 |     418 |     176 |  29.6
            +---------+---------+-------+---------+---------+-------
        D:1 |      31 |       0 |   0.0 |      18 |       0 |   0.0
        D:2 |      70 |     107 |  60.5 |      15 |      13 |  46.4
        D:3 |     127 |       0 |   0.0 |      29 |       0 |   0.0
        D:4 |      72 |     517 |  87.8 |       8 |       4 |  33.3
        D:5 |     413 |     302 |  42.2 |      18 |       6 |  25.0
        D:6 |     129 |       0 |   0.0 |       4 |       0 |   0.0
        D:7 |     698 |       2 |   0.3 |      13 |       1 |   7.1
        D:8 |    1034 |       0 |   0.0 |      18 |       0 |   0.0
        D:9 |    4679 |    1800 |  27.8 |      32 |      10 |  23.8
       D:10 |     753 |     802 |  51.6 |       7 |       9 |  56.2
       D:11 |    4726 |     990 |  17.3 |      26 |       4 |  13.3
       D:12 |    3795 |    2858 |  43.0 |      29 |       1 |   3.3
       D:13 |    4322 |       0 |   0.0 |      25 |       0 |   0.0
       D:14 |    6958 |     392 |   5.3 |      19 |       2 |   9.5
     Lair:1 |    2004 |    2623 |  56.7 |      11 |       9 |  45.0
     Lair:2 |    6098 |     564 |   8.5 |      29 |       2 |   6.5
     Lair:3 |    5214 |    1368 |  20.8 |      18 |       3 |  14.3
     Lair:4 |    7903 |     466 |   5.6 |      28 |       1 |   3.4
     Lair:5 |    4564 |    1325 |  22.5 |      20 |       1 |   4.8
     Lair:6 |   15793 |   12565 |  44.3 |      51 |      56 |  52.3
      IceCv |       0 |    6715 | 100.0 |       0 |      54 | 100.0
            +---------+---------+-------+---------+---------+-------
